 Dungeon Crawl Stone Soup version 0.23-a0-636-g0ff6057 (webtiles) character file.

81 nikopol the Chopper (level 4, -1/61 HPs)
             Began as a Minotaur Berserker on Dec 28, 2018.
             Was a Believer of Trog.
             Slain by an ice beast (2 damage)
             ... on level 2 of the Dungeon.
             The game lasted 00:02:06 (863 turns).

nikopol the Chopper (Minotaur Berserker)             Turns: 863, Time: 00:02:07

Health: -1/61      AC:  6    Str: 28    XL:     4   Next: 20%
Magic:  3/3        EV: 11    Int:  4    God:    Trog [**....]
Gold:   111        SH:  0    Dex:  9    Spells: 3/3 levels left

rFire    . . .     SeeInvis .   a - +0 hand axe
rCold    . . .     Gourm    .   (no shield)
rNeg     . . .     Faith    .   g - +0 ring mail
rPois    .         Spirit   .   (helmet restricted)
rElec    .         Reflect  .   (no cloak)
rCorr    .         Harm     .   h - +0 pair of gloves
MR       .....                  (no boots)
Stlth    ..........             (no amulet)
HPRegen  0.20/turn              (no ring)
MPRegen  0.08/turn              (no ring)

@: berserking, very quick
A: retaliatory headbutt, horns 2
a: Berserk, Trog's Hand, Renounce Religion


You were on level 2 of the Dungeon.
You worshipped Trog.
Trog was pleased with you.
You were hungry.

You visited 1 branch of the dungeon, and saw 2 of its levels.

You collected 111 gold pieces.

Inventory:

Hand Weapons
 a - a +0 hand axe (weapon)
Armour
 b - a +0 animal skin
 g - a +0 ring mail (worn)
 h - a +0 pair of gloves (worn)
Scrolls
 d - a scroll of enchant armour {unknown}
 e - 3 scrolls of teleportation {unknown}
 i - a scroll of fog {unknown}
 j - a scroll of enchant weapon {unknown}
 k - a scroll of remove curse {unknown}
 m - a scroll of amnesia {unknown}
 o - a scroll of identify {unknown}
Potions
 f - a potion of might {unknown}
 l - 2 potions of invisibility {unknown}
 n - 2 potions of brilliance {unknown}
 p - a potion of degeneration {unknown}
Comestibles
 c - 4 rations


   Skills:
 + Level 4.5 Fighting
 + Level 5.0 Axes
 + Level 2.9 Armour
 + Level 2.4 Dodging


You had 3 spell levels left.
You didn't know any spells.
Your spell library was empty.

Dungeon Overview and Level Annotations

Branches:
Dungeon (2/15)

Altars:


Innate Abilities, Weirdness & Mutations

You reflexively headbutt those who attack you in melee.
You have a pair of horns on your head.


Message History

The ice beast closely misses you.
Your ring mail prevents you from hitting the ice beast.
The ice beast is lightly wounded.
The ice beast hits you but does no damage.
You closely miss the ice beast.
The ice beast is lightly wounded.
You slash the ice beast!
The ice beast is heavily wounded.
The ice beast hits you. The ice beast freezes you.
* * * LOW HITPOINT WARNING * * *
You closely miss the ice beast.
The ice beast is heavily wounded.
The ice beast hits you.
* * * LOW HITPOINT WARNING * * *
The ice beast freezes you!
* * * LOW HITPOINT WARNING * * *
You slash the ice beast!
The ice beast is almost dead.
The ice beast hits you.
You die...

#......# #.>..
#......# ##...
#......# #.##
#......# #.# #......#
#.# #......# #.#
#......# #.#
#.#####......######.#
#...Y@'......'......#
#######......######.#
######## ###


You could see an ice beast.

Vanquished Creatures
  2 adders (D:2)
  2 oozes (D:1)
  2 dart slugs (D:1)
  2 leopard geckos (D:1)
  5 bats
  2 giant cockroaches (D:1)
  7 goblins
  3 hobgoblins (D:1)
  5 jackals (D:1)
  3 kobolds (D:1)
  4 ball pythons
  A frilled lizard (D:1)
  7 rats
45 creatures vanquished.

Notes
Turn   | Place    | Note
-------+----------+-------------------------------------------
     0 | D:1      | nikopol the Minotaur Berserker began the quest for the Orb.
     0 | D:1      | Reached XP level 1. HP: 19/19 MP: 0/0
    58 | D:1      | Reached XP level 2. HP: 19/27 MP: 1/1
    69 | D:1      | Reached skill level 4 in Axes
   307 | D:1      | Reached XP level 3. HP: 27/33 MP: 2/2
   324 | D:1      | Reached ** piety under Trog
   764 | D:2      | Reached XP level 4. HP: 39/41 MP: 3/3
   804 | D:2      | Reached skill level 5 in Axes
   849 | D:2      | Noticed an ice beast
   862 | D:2      | HP: 1/61 [ice beast (14)]
   863 | D:2      | Slain by an ice beast

Vault maps used:
D:1:      minmay_arrival_up_and_down, minmay_misc_feat_x, minmay_split_cup_small
D:2:      grunt_temple_overflow_open

Skill      XL: |  1  2  3  4 |
---------------+-------------+-----
Fighting       | 4 |  4.5
Axes           | 4 5 |  5.0
Armour         | |  2.9
Dodging        | |  2.4

Action                   |  1- 3 |  4- 6 || total
-------------------------+-------+-------++-------
Melee: Hand axe          |    87 |    18 ||   105
       Headbutt          |    15 |     1 ||    16
Invok: Berserk           |       |     1 ||     1
Armor: Animal skin       |     3 |       ||     3
       Ring mail         |    25 |     9 ||    34
Dodge: Dodged            |    46 |     8 ||    54

Table legend:
 A = Non-vault XP
 B = Vault XP
 C = Vault XP percentage of total XP
 D = Non-vault monster count
 E = Vault monster count
 F = Vault count percentage of total count
                 A         B        C        D         E       F
            +---------+---------+-------+---------+---------+-------
      Total |     108 |       9 |   7.7 |      42 |       3 |   6.7
            +---------+---------+-------+---------+---------+-------
        D:1 |      74 |       9 |  10.8 |      36 |       3 |   7.7
        D:2 |      34 |       0 |   0.0 |       6 |       0 |   0.0
            +---------+---------+-------+---------+---------+-------
